 Dungeon Sprint DCSS version 0.28.0-45-g0d030f2227 (webtiles) character file.

Game seed: 12975352279495468213

4 Doot the Magician (level 1, -5/15 HPs)
             Began as a Djinni Conjurer on Apr 24, 2022.
             Slain by a human (6 damage)
             ... in the Dungeon (Sprint III: "The Ten Rune Challenge").
             The game lasted 00:01:09 (175 turns).

Doot the Magician (Djinni Conjurer)                  Turns: 175, Time: 00:01:09

Health: -5/15      AC:  2    Str:  6    XL:     1   Next: 66%
Gold:   11         EV: 12    Int: 19    God:
                   SH:  0    Dex: 11

rFire   + + .      SeeInvis .   (no weapon)
rCold   x . .      Faith    .   (no shield)
rNeg    . . .      Spirit   .   a - +0 robe
rPois   ∞          Reflect  .   (no helmet)
rElec   .          Harm     .   (no cloak)
rCorr   .          Rampage  .   (no gloves)
Will    .....      NoTele   +   (boots unavailable)
Stlth   ++........              (no amulet)
HPRegen 0.05/turn               (no ring)
MPRegen 0.00/turn               (no ring)

@: flying
A: sickness immunity, fire resistance 2, cold vulnerability 1, float, innate
caster, HP casting, extra vitality 1
a: no special abilities


You were in the Dungeon.
You visited 1 branch You collected 11 gold pieces.

Inventory:

Armour
 a - a +0 robe (worn)
Scrolls
 f - a scroll of blinking
Potions
 b - a potion of curing
 c - a potion of heal wounds
 d - a potion of haste
 e - a potion of berserk rage


   Skills:
 + Level 2.3 Dodging
 + Level 1.6 Stealth
 + Level 4.0 Spellcasting


You couldn't memorise any spells.
You knew the following spells:

 Your Spells              Type           Power      Damage    Failure   Level
a - Magic Dart            Conj           76%        1d6       2%          1
b - Searing Ray           Conj           38%        2d5       4%          2
c - Dazzling Flash        Conj/Hex       38%        N/A       8%          3
d - Fulminant Prism       Conj/Hex       9%         3d7       26%         4
e - Iskenderun's Mystic   Conj/Tloc      19%        2d6       26%         4
Your spell library was empty.

Dungeon Overview and Level Annotations

Branches:
Dungeon (1/1)

Altars:


Innate Abilities, Weirdness & Mutations

You are immune to sickness and miasma.
You are immune to poison.
Your flesh is very heat resistant. (rF++)
You are vulnerable to cold. (rC-)
You float through the air rather than walking.
You learn spells naturally, not from books.
Your magical power is your life essence.
You have superior vitality. (+4 MHP)


Message History

You can't see any susceptible monsters within range! (Use Z to cast anyway.)
A rat comes into view.
Found 11 gold pieces.
There is an open door here.
The magic dart hits the rat.
The rat is severely wounded.
The magic dart hits the rat.
You kill the rat!
Your Spellcasting skill increases to level 4!
You start resting.
You start resting.
HP restored.
You now have 11 gold pieces.
As you open the door, it creaks loudly!
There is an open door here.
A human comes into view.
The human shouts!
The magic dart hits the human but does no damage.
The magic dart hits the human but does no damage.
The magic dart hits the human.
The human is lightly wounded.
The magic dart hits the human but does no damage.
The human is lightly wounded.
The magic dart hits the human.
The human is lightly wounded.
The magic dart hits the human.
The human is lightly wounded.
The magic dart hits the human.
The human is moderately wounded.
The human barely misses you.
The magic dart hits the human.
The human is moderately wounded.
The human hits you!
* * * LOW HITPOINT WARNING * * *
Unknown command.
There is an open door here.
Welcome back, Doot the Djinni Conjurer.
Press ? for a list of commands and other information.
The human hits you.
You die...

▓▓▓▓ ▓<.# ▓..#
▓#'#### ▓.....#
▓.....#...≈≈♣♣♣♣
▓....[#..≈≈≈≈♣..
▓####'#..≈≈≈≈≈≈.
▓...@.#.≈≈≈≈≈≈..
▓..p..#.≈≈≈≈≈...
▓.....#.≈≈≈.....
▓'#####.........
▓...............
▓▓▓▓▓▓▓▓▓▓▓▓▓▓▓▓


You could see a human.

Vanquished Creatures
  2 endoplasms (D)
  2 rats (D)
4 creatures vanquished.

Notes
Turn   | Place    | Note
-------+----------+-------------------------------------------
     0 | D        | Doot the Djinni Conjurer began the quest for the Orb.
     0 | D        | Reached XP level 1. HP: 15/15 MP: 0/0
    90 | D        | Reached skill level 4 in Spellcasting
   175 | D        | Slain by a human

Illustrated notes

Levels and vault maps discovered:
D:        dungeon_sprint_mu [sprint_mu_entry_forest, sprint_mu_temple_rooms,
          sprint_mu_d1_horrors, sprint_mu_d2_genie, sprint_mu_d3_branching,
          sprint_mu_orc_legion, sprint_mu_elf_gauntlet, sprint_mu_hive_nellie,
          sprint_mu_lair_fedhas, sprint_mu_vaults_butterflies,
          sprint_mu_slime_circle, sprint_mu_swamp_cave, sprint_mu_snake_twists,
          sprint_mu_blade_basic, sprint_mu_crypt_lich, sprint_mu_tomb_spiral,
          sprint_mu_vestibule_basic, sprint_mu_gehenna_hellfire,
          sprint_mu_dis_giant, sprint_mu_tartarus_statrot,
          sprint_mu_cocytus_islands, sprint_mu_zot1]

Skill      XL: |  1 |
---------------+----+-----
Spellcasting   | 4 |  4.0
Dodging        | |  2.3
Stealth        | |  1.6

Action                   || total
-------------------------++-------
 Cast: Magic Dart        ||    15
Dodge: Dodged            ||     1
